 Dungeon Crawl Stone Soup version 0.23.0-3-gf3c87f2df8 (webtiles) character file.

Game seed: 984408211896069144

143 PentaManta the Ducker (level 5, 0/33 HPs)
             Began as a Kobold Monk on Feb 20, 2019.
             Was a Believer of Dithmenos.
             Killed by divine providence
             ... invoked by an orc priest
              (12 damage)
             ... on level 4 of the Dungeon.
             The game lasted 00:09:07 (2496 turns).

PentaManta the Ducker (Kobold Monk)                 Turns: 2496, Time: 00:09:10

Health: 0/33       AC:  3    Str:  9    XL:     5   Next: 50%
Magic:  5/5        EV: 18    Int: 12    God:    Dithmenos [**....]
Gold:   108        SH:  0    Dex: 17    Spells: 4/4 levels left

rFire    . . .     SeeInvis .   a - +1 short sword
rCold    . . .     Gourm    .   (shield restricted)
rNeg     . . .     Faith    .   b - +0 robe
rPois    .         Spirit   .   (no helmet)
rElec    .         Reflect  .   h - +0 cloak
rCorr    .         Harm     .   (no gloves)
MR       .....                  (no boots)
Stlth    +++.......             (no amulet)
HPRegen  0.11/turn              (no ring)
MPRegen  0.09/turn              (no ring)

@: wreathed by umbra
A: small, carnivore
a: Shadow Step, Renounce Religion


You were on level 4 of the Dungeon.
You worshipped Dithmenos.
Dithmenos was pleased with you.
You were completely stuffed.

You visited 1 branch of the dungeon, and saw 4 of its levels.

You collected 108 gold pieces.

Inventory:

Hand Weapons
 a - a +1 short sword (weapon)
 s - a +0 blowgun
Missiles
 n - 3 exploding tomahawks (quivered)
 t - 3 poisoned needles
Armour
 b - a +0 robe (worn)
 h - a +0 cloak (worn)
 j - a +1 pair of boots
Jewellery
 m - a +4 ring of protection {unknown}
Wands
 q - a wand of flame (19)
Scrolls
 d - a scroll of magic mapping
 e - 2 scrolls of teleportation
 g - 2 scrolls of amnesia
 i - a scroll of enchant weapon
 p - 2 scrolls of remove curse
Potions
 f - 2 potions of agility {unknown}
 k - 2 potions of flight {unknown}
 l - a potion of curing {unknown}
 o - a potion of cancellation {unknown}
 r - a potion of mutation {unknown}
Comestibles
 c - 4 rations
 u - a chunk of flesh


   Skills:
 + Level 4.2 Fighting
 + Level 5.1 Short Blades
 * Level 5.5 Dodging
 - Level 2.6 Stealth


You had 4 spell levels left.
You didn't know any spells.
Your spell library was empty.

Dungeon Overview and Level Annotations

Branches:
Dungeon (4/15)
 Temple: D:4-7

Altars:
Dithmenos


Innate Abilities, Weirdness & Mutations

You are small and have problems with some larger weapons.
You are carnivorous and can eat meat at any time.


Message History

The orc wizard mumbles some strange words.
The orc wizard blinks!
The iguana closely misses you. The orc hits you.
The orc wizard barely misses you.
You closely miss the iguana. The orc wizard closely misses you.
The orc misses you. The iguana bites you!
You barely miss the iguana.
The orc wizard gestures wildly while chanting.
The orc wizard blinks!
The iguana completely misses you. The orc barely misses you.
You hit the iguana.
The iguana is lightly wounded.
The orc priest miscasts a cantrip.
The iguana barely misses you. The orc misses you.
You barely miss the iguana.
The iguana is lightly wounded.
The orc wizard points at you and mumbles some strange words.
The magic dart hits you!
The orc priest invokes the aid of Beogh against you.
Beogh smites you!
You die...

#.########'#....
..#.÷......+....
..#........#.... ###
.#######'###....
##.##..##.#..............
..........#..............
[...o..oo.+..............
...#####l##......^.......
#...o@..........####..
#.....§.........+..#..
#...............#..#..
#......o#+#######..#..
#...........#..+...#..
#...........'..##..#..
########.#'##..###'#..
#....#..##..#..
#....#......#..


You could see an iguana, an orc priest, an orc wizard and 2 orcs.

Vanquished Creatures
  A hound skeleton (D:4)
  4 adders
  A worm (D:3)
  5 dart slugs (D:2)
  2 leopard geckos
  5 orcs
  A ball python (D:2)
  14 bats
  2 giant cockroaches (D:2)
  8 goblins
  8 hobgoblins
  3 jackals (D:1)
  8 kobolds
  A quokka (D:2)
  3 frilled lizards
  9 rats
75 creatures vanquished.

Notes
Turn   | Place    | Note
-------+----------+-------------------------------------------
     0 | D:1      | PentaManta the Kobold Monk began the quest for the Orb.
     0 | D:1      | Reached XP level 1. HP: 14/14 MP: 1/1
    49 | D:1      | Reached XP level 2. HP: 13/19 MP: 2/2
   303 | D:1      | Reached XP level 3. HP: 17/23 MP: 3/3
   941 | D:2      | Reached XP level 4. HP: 27/29 MP: 4/4
  1494 | D:3      | Reached skill level 5 in Dodging
  1748 | D:3      | Reached skill level 5 in Short Blades
  1748 | D:3      | Reached XP level 5. HP: 22/33 MP: 5/5
  2031 | D:3      | Found a shadowy altar of Dithmenos.
  2066 | D:3      | Became a worshipper of Dithmenos the Shadowed
  2066 | D:3      | Reached * piety under Dithmenos
  2066 | D:3      | Reached ** piety under Dithmenos
  2496 | D:4      | Killed from afar by an orc priest

Skill      XL: |  1  2  3  4 |
---------------+-------------+-----
Dodging        | 4 5 |  5.5
Fighting       | 4 |  4.2
Short Blades   | 5 |  5.1
Stealth        | |  2.6

Action                   |  1- 3 |  4- 6 || total
-------------------------+-------+-------++-------
Melee: Short sword       |   138 |   148 ||   286
  Use: Scroll            |     3 |     3 ||     6
 Stab: Sleeping          |     6 |     6 ||    12
  Eat: Chunk             |     9 |     5 ||    14
Armor: Robe              |    29 |    17 ||    46
Dodge: Dodged            |   143 |    95 ||   238
